 Dungeon Crawl Stone Soup version 0.25-b1-46-gb8a1ec05df (webtiles) character file.

Game seed: 17917498710868799832

2025 gruber the Cruncher (level 9, -2/47 HPs)
             Began as a Vine Stalker Fighter on June 10, 2020.
             Slain by a hornet (11 damage)
             ... while paralysed by a hornet
             ... on level 7 of the Dungeon.
             The game lasted 00:06:20 (5322 turns).

gruber the Cruncher (Vine Stalker Fighter)          Turns: 5322, Time: 00:06:21

Health: -2/47      AC:  9    Str: 22    XL:     9   Next: 23%
Magic:  0/10       EV:  2    Int:  8    God:
Gold:   378        SH:  0    Dex: 14    Spells: 8/8 levels left

rFire    . . .     SeeInvis .   C - +0 trident
rCold    . . .     Gourm    .   c - +0 kite shield
rNeg     . . .     Faith    .   b - +0 scale mail
rPois    .         Spirit   +   n - +0 helmet
rElec    .         Reflect  .   (no cloak)
rCorr    .         Harm     .   o - +0 pair of gloves
MR       +....                  (no boots)
Stlth    ..........             (no amulet)
HPRegen  0.55/turn              t - +4 ring of evasion
MPRegen  0.12/turn              (no ring)

@: paralysed, lethally poisoned (-2 -> -2), slowed, studying Staves
A: fangs 3, regeneration 1, magic shield, antimagic bite, no potion heal 3, rot
immunity
a: no special abilities


You were on level 7 of the Dungeon.
You were not hungry.

You visited 1 branch of the dungeon, and saw 7 of its levels.

You collected 378 gold pieces.

Inventory:

Hand Weapons
 a - a +0 rapier
 C - a +0 trident (weapon)
Missiles
 u - 15 poisoned darts (quivered)
Armour
 b - a +0 scale mail (worn)
 c - a +0 kite shield (worn)
 n - a +0 helmet (worn)
 o - a +0 pair of gloves (worn)
Jewellery
 t - a +4 ring of evasion (left hand)
 B - an uncursed ring of ice
Wands
 y - a wand of random effects (20)
Scrolls
 h - 10 scrolls of remove curse {unknown}
 i - 4 scrolls of teleportation {unknown}
 j - 3 scrolls of magic mapping {unknown}
 k - 6 scrolls of identify {unknown}
 m - a scroll of noise {unknown}
 p - 2 scrolls of enchant armour {unknown}
 x - a scroll of brand weapon {unknown}
 z - a scroll of fear {unknown}
 D - a scroll of fog {unknown}
Potions
 d - 2 potions of might
 e - 6 potions of curing {unknown}
 g - 2 potions of lignification {unknown}
 l - a potion of stabbing {unknown}
 q - 2 potions of ambrosia {unknown}
 r - a potion of brilliance {unknown}
 s - a potion of flight {unknown}
 v - 2 potions of cancellation {unknown}
 A - a potion of heal wounds {unknown}
Books
 w - a manual of Staves
Comestibles
 f - 8 rations
 E - 12 chunks of flesh


   Skills:
 - Level 5.1 Fighting
 - Level 3.0 Short Blades
 * Level 10.4 Staves
 - Level 3.2 Armour
 - Level 6.1 Shields
 - Level 0.3 Evocations


You had 8 spell levels left.
You didn't know any spells.
Your spell library was empty.

Dungeon Overview and Level Annotations

Branches:
Dungeon (7/15)             Temple (0/1) D:4

Altars:
Ashenzari
Cheibriados
Dithmenos
Elyvilon
Fedhas
Kikubaaqudgha
Nemelex Xobeh
Qazlal
Uskayaw
Vehumet
Xom
Zin

Shops:
D:5 %


Innate Abilities, Weirdness & Mutations

You have razor-sharp teeth.
Your natural rate of healing is unusually fast.
When hurt, damage is shared between your health and your magic reserves.
Your bite disrupts and absorbs the magic of your enemies.
Potions cannot restore your health.
You are immune to rotting.


Message History

You feel yourself slow down.
Unknown command.
Unknown command.
Evoke which item? (* to show all) (? for menu, Esc to quit)
Aiming: Random Effects
Press: ? - help, Shift-Dir - straight line, f/p - hornet
Aim: a hornet (severely wounded)
The fireball explodes!
The fireball engulfs the hornet!
The hornet is almost dead.
The fireball engulfs you. The hornet stings you!
You are poisoned.
You feel as though you will be slow longer.
The hornet stings you.
You suddenly lose the ability to move!
You feel sick. The hornet stings you.
You feel as though you will be slow longer.
You feel sick. The hornet stings you!
* * * LOW HITPOINT WARNING * * *
You feel as though you will be slow longer.
The hornet stings you!
You die...

## .##. ..... ...
.... ... ......# #
#.# #....... #.##y#
#....... #..@##
#......
#....####....##
#.#...#.......##
###.#..........#
#.#..........##
..#...........##
###.............#
#.........†....#
#..##....#...###.##


You could see a hornet.

Vanquished Creatures
  Sigmund (D:3)
  An orc warrior (D:7)
  3 ice beasts (D:5)
  A phantom (D:4)
  A sky beast (D:6)
  2 centaurs (D:5)
  An ogre (D:5)
  Blork the orc (D:4)
  5 howler monkeys
  2 crimson imps (D:6)
  A bullfrog zombie (D:6)
  2 hounds
  2 orc priests
  3 orc wizards
  A centaur skeleton (D:5)
  A bullfrog skeleton (D:5)
  Natasha (thrice) (D:4)
  3 worker ants
  Robin (D:2)
  5 gnolls
  4 howler monkey skeletons
  9 adders
  A shadow imp (D:7)
  2 oozes (D:2)
  2 worms (D:2)
  3 dart slugs
  4 leopard geckos
  8 orcs
  3 ball pythons
  11 giant cockroaches
  14 goblins
  10 hobgoblins
  13 jackals
  4 kobolds
  3 quokkas
  7 bats
  4 frilled lizards
  A jackal skeleton (D:6)
  4 rats
147 creatures vanquished.

Notes
Turn   | Place    | Note
-------+----------+-------------------------------------------
     0 | D:1      | gruber the Vine Stalker Fighter began the quest for the
                  | Orb.
     0 | D:1      | Reached XP level 1. HP: 11/11 MP: 2/2
   355 | D:1      | Reached XP level 2. HP: 16/16 MP: 3/3
   916 | D:2      | Reached XP level 3. HP: 11/19 MP: 2/4
  1313 | D:2      | Found a sparkling altar of Nemelex Xobeh.
  1359 | D:2      | Gained mutation: Your natural rate of healing is unusually
                  | fast. [Vine Stalker growth]
  1359 | D:2      | Reached XP level 4. HP: 25/25 MP: 5/5
  1451 | D:2      | Noticed Robin
  1460 | D:2      | Killed Robin
  1707 | D:2      | Reached XP level 5. HP: 30/30 MP: 6/6
  2140 | D:3      | Found a shattered altar of Ashenzari.
  2360 | D:3      | Reached skill level 5 in Fighting
  2690 | D:3      | Reached XP level 6. HP: 35/35 MP: 7/7
  2708 | D:3      | Noticed Sigmund
  2719 | D:3      | Killed Sigmund
  2867 | D:4      | Noticed Natasha
  2871 | D:4      | Killed Natasha
  2893 | D:4      | Reached XP level 7. HP: 37/39 MP: 8/8
  2912 | D:4      | Reached skill level 5 in Shields
  2940 | D:4      | Found a snail-covered altar of Cheibriados.
  3086 | D:4      | Noticed Natasha
  3095 | D:4      | Killed Natasha
  3135 | D:4      | Noticed Blork the orc
  3145 | D:4      | Killed Blork the orc
  3234 | D:4      | Found a stormy altar of Qazlal.
  3268 | D:4      | Found a staircase to the Ecumenical Temple.
  3644 | D:4      | Noticed Natasha
  3651 | D:4      | Killed Natasha
  3839 | D:5      | Entered Level 5 of the Dungeon
  3864 | D:5      | Reached skill level 2 in Staves
  3864 | D:5      | Gained mutation: You have razor-sharp teeth. [Vine Stalker
                  | growth]
  3864 | D:5      | Reached XP level 8. HP: 42/43 MP: 9/9
  3905 | D:5      | Reached skill level 3 in Staves
  3926 | D:5      | Reached skill level 4 in Staves
  3999 | D:5      | Reached skill level 5 in Staves
  4083 | D:5      | Reached skill level 6 in Staves
  4091 | D:5      | Reached skill level 7 in Staves
  4185 | D:5      | Reached skill level 8 in Staves
  4416 | D:5      | Found Ejych's Food Shop.
  4488 | D:6      | Found a shadowy altar of Dithmenos.
  4491 | D:6      | Found a blossoming altar of Fedhas.
  4492 | D:6      | Found a hide-covered altar of Uskayaw.
  4493 | D:6      | Found a white marble altar of Elyvilon.
  4493 | D:6      | Found a shimmering altar of Xom.
  4493 | D:6      | Found an ancient bone altar of Kikubaaqudgha.
  4494 | D:6      | Found a radiant altar of Vehumet.
  4529 | D:6      | Found a glowing silver altar of Zin.
  4578 | D:6      | Reached skill level 9 in Staves
  4578 | D:6      | Reached XP level 9. HP: 47/47 MP: 10/10
  4714 | D:6      | Found a sparkling altar of Nemelex Xobeh.
  5158 | D:7      | Reached skill level 10 in Staves
  5312 | D:7      | Noticed a hornet
  5320 | D:7      | Paralysed by a hornet for 3 turns
  5322 | D:7      | Slain by a hornet

Illustrated notes

Levels and vault maps discovered:
D:1:      dpeg_arrival_oval, layout_basic, st_stairs_6, hangedman_decor_growths
D:2:      layout_basic, first_ration, st_stairs_1, minmay_hexomino_r4,
          uniq_robin
D:3:      layout_loops_ring, nicolae_ashenzari_panopticon,
          grunt_decor_one_mirror, uniq_sigmund
D:4:      layout_loops_corners, nicolae_qazlal_general_emergency,
          overflow_temple_1_default, temple_pool_b, minmay_manual_moon,
          uniq_blork_the_orc, uniq_natasha
D:5:      layout_basic, serial_shops, shop, minmay_divided_ellipse
D:6:      layout_loops_cross, nemelex_xobeh_ov_fountains_minmay,
          grunt_temple_overflow_open, basic_altar
D:7:      layout_layer_cave, minmay_hedge_maze

Skill      XL: |  1  2  3  4  5  6  7  8  9 |
---------------+----------------------------+-----
Short Blades   | 2 3 |  3.0
Fighting       | 3 4 5 |  5.1
Shields        | 3 4 6 |  6.1
Armour         | 3 |  3.2
Staves         | 2 9 10 | 10.4
Evocations     | |  0.3

Action                   |  1- 3 |  4- 6 |  7- 9 || total
-------------------------+-------+-------+-------++-------
Melee: Rapier            |   133 |   122 |   281 ||   536
       Bite              |    34 |    32 |   114 ||   180
       Trident           |       |       |    20 ||    20
Evoke: Wand              |       |       |     2 ||     2
  Eat: Chunk             |     2 |     5 |     8 ||    15
Armor: Scale mail        |    86 |    46 |    83 ||   215
Dodge: Dodged            |    41 |    32 |   112 ||   185
Block: Kite shield       |    78 |    60 |   139 ||   277
